3314 views
Uploaded 2020-08-27 15:38:56
Game version 1.32.8
21:18 long 4on4 custom game on (8)TwilightRuins_LV
Game name "W3Champions-s2-20-FClkua3Kh"
Saved by RTGOD
3314 views
Uploaded 2020-08-27 15:38:56
Game version 1.32.8
21:18 long 4on4 custom game on (8)TwilightRuins_LV
Game name "W3Champions-s2-20-FClkua3Kh"


150 units @ 18.9k
/ 1.9k
76 buildings @ 12.4k
/ 4.1k

| Rod of Necromancy | 1 | 150 |
| Sacrificial Skull | 1 | 50 |
| Scroll of Town Portal | 1 | 350 |
| Scroll of Protection | 1 | 150 |
| total: | 4 | 700g |
| Acolyte | 8 | 600 | / | 0 |
| Ghoul | 9 | 1080 | / | 0 |
| Crypt Fiend | 5 | 1075 | / | 200 |
| Goblin Sapper | 5 | 1075 | / | 500 |
| total: | 27 | 3830g | / | 700w |
| Nerubian Tower | 3 | 300 | / | 60 |
| Spirit Tower | 4 | 580 | / | 160 |
| Graveyard | 1 | 215 | / | 0 |
| Altar of Darkness | 1 | 180 | / | 50 |
| Ziggurat | 18 | 2700 | / | 900 |
| Crypt | 4 | 800 | / | 200 |
| Tomb of Relics | 2 | 260 | / | 60 |
| Necropolis | 3 | 675 | / | 0 |
| Halls of the Dead | 2 | 640 | / | 420 |
| Black Citadel | 1 | 325 | / | 230 |
| total: | 29 | 4830g | / | 1210w |
| 0:04 | Acolyte |
| 0:08 | Graveyard |
| 0:12 | Altar of Darkness |
| 0:27 | Ziggurat |
| 0:36 | Acolyte |
| 1:00 | Crypt |
| 1:04 | Crypt |
| 1:23 | Ziggurat |
| 1:32 | Tomb of Relics |
| 2:01 | Nerubian Tower |
| 2:04 | Ghoul |
| 2:06 | Ghoul |
| 2:06 | Ghoul |
| 2:06 | Ghoul |
| 2:13 | Acolyte |
| 2:15 | Carrion Beetles |
| 2:34 | Rod of Necromancy |
| 2:35 | Sacrificial Skull |
| 3:18 | Ghoul |
| 3:43 | Necropolis |
| 4:06 | Impale |
| 4:14 | Ziggurat |
| 4:31 | Ghoul |
| 4:50 | Crypt |
| 5:16 | Spirit Tower |
| 5:18 | Ziggurat |
| 5:25 | Acolyte |
| 5:25 | Acolyte |
| 5:26 | Acolyte |
| 5:26 | Acolyte |
| 5:39 | Ziggurat |
| 5:58 | Halls of the Dead |
| 6:19 | Creature Attack |
| 6:19 | Creature Carapace |
| 6:28 | Crypt Fiend |
| 6:44 | Ziggurat |
| 8:10 | Necropolis |
| 9:28 | Carrion Beetles |
| 9:31 | Spirit Tower |
| 9:32 | Crypt Fiend |
| 9:42 | Ziggurat |
| 9:43 | Ziggurat |
| 10:47 | Spirit Tower |
| 11:22 | Halls of the Dead |
| 11:26 | Ghoul |
| 11:27 | Ghoul |
| 12:18 | Crypt Fiend |
| 12:34 | Goblin Sapper |
| 12:51 | Goblin Sapper |
| 13:10 | Spiked Carapace |
| 13:32 | Crypt Fiend |
| 13:40 | Crypt |
| 13:46 | Web |
| 14:33 | Goblin Sapper |
| 14:33 | Goblin Sapper |
| 14:53 | Goblin Sapper |
| 16:13 | Tomb of Relics |
| 16:15 | Black Citadel |
| 16:22 | Ghoul |
| 16:50 | Scroll of Town Portal |
| 16:53 | Scroll of Protection |
| 17:35 | Impale |
| 19:12 | Acolyte |
| 19:34 | Ziggurat |
| 19:36 | Ziggurat |
| 19:38 | Ziggurat |
| 19:38 | Ziggurat |
| 19:40 | Ziggurat |
| 19:43 | Ziggurat |
| 19:56 | Ziggurat |
| 19:57 | Ziggurat |
| 19:59 | Ziggurat |
| 20:00 | Ziggurat |
| 20:02 | Necropolis |
| 20:06 | Crypt Fiend |
| 20:34 | Spirit Tower |
| 20:45 | Nerubian Tower |
| 20:50 | Nerubian Tower |
| Right click | 618 |
| Chat | 318 |
| Select | 296 |
| Build/train/purchase | 77 |
| Select group | 22 |
| Use ability | 21 |
| Minimap ping | 16 |
| Assign group | 15 |
| Esc | 10 |
| Resource trade | 5 |
| Item give/drop | 2 |
| Misc. action | 1 |


| Lesser Clarity Potion | 5 | 350 |
| Staff of Preservation | 1 | 150 |
| Orb of Venom | 2 | 650 |
| Scroll of Town Portal | 3 | 1050 |
| Scroll of Regeneration | 1 | 100 |
| total: | 12 | 2300g |
| Wisp | 19 | 1140 | / | 0 |
| Archer | 19 | 2470 | / | 190 |
| Hippogryph | 10 | 1600 | / | 200 |
| total: | 48 | 5210g | / | 390w |
| Altar of Elders | 1 | 180 | / | 50 |
| Moon Well | 5 | 900 | / | 200 |
| Ancient of War | 1 | 150 | / | 60 |
| Ancient of Wonders | 1 | 90 | / | 30 |
| Hunter's Hall | 1 | 210 | / | 100 |
| Tree of Life | 3 | 1020 | / | 555 |
| Ancient of Wind | 2 | 300 | / | 280 |
| Tree of Ages | 2 | 640 | / | 360 |
| Tree of Eternity | 1 | 330 | / | 200 |
| total: | 14 | 2850g | / | 1275w |
| 0:04 | Wisp |
| 0:07 | Altar of Elders |
| 0:20 | Moon Well |
| 0:25 | Wisp |
| 0:25 | Wisp |
| 0:38 | Ancient of War |
| 0:43 | Wisp |
| 0:55 | Wisp |
| 0:55 | Wisp |
| 1:00 | Wisp |
| 1:06 | Wisp |
| 1:14 | Wisp |
| 1:38 | Moon Well |
| 1:43 | Archer |
| 1:52 | Ancient of Wonders |
| 1:58 | Wisp |
| 1:58 | Wisp |
| 2:09 | Force of Nature |
| 2:48 | Tree of Ages |
| 2:55 | Archer |
| 2:55 | Archer |
| 3:24 | Hunter's Hall |
| 3:41 | Archer |
| 3:43 | Archer |
| 3:53 | Entangling Roots |
| 4:03 | Moon Well |
| 4:11 | Lesser Clarity Potion |
| 4:11 | Lesser Clarity Potion |
| 4:25 | Archer |
| 4:28 | Ultravision |
| 5:12 | Improved Bows |
| 5:16 | Entangling Roots |
| 5:54 | Archer |
| 5:59 | Tree of Life |
| 6:10 | Trueshot Aura |
| 6:14 | Staff of Preservation |
| 6:26 | Ancient of Wind |
| 6:26 | Ancient of Wind |
| 6:44 | Moon Well |
| 7:03 | Wisp |
| 8:29 | Hippogryph |
| 8:29 | Hippogryph |
| 8:42 | Wisp |
| 8:42 | Wisp |
| 8:42 | Wisp |
| 8:42 | Wisp |
| 8:42 | Wisp |
| 8:46 | Searing Arrows |
| 9:17 | Scroll of Town Portal |
| 9:17 | Lesser Clarity Potion |
| 9:23 | Archer |
| 9:38 | Archer |
| 10:00 | Wisp |
| 10:03 | Moon Well |
| 10:04 | Strength of the Moon |
| 10:19 | Archer |
| 10:19 | Hippogryph |
| 10:49 | Force of Nature |
| 11:01 | Archer |
| 11:02 | Archer |
| 11:02 | Hippogryph |
| 11:05 | Trueshot Aura |
| 11:26 | Improved Strength of the Moon |
| 11:54 | Tree of Eternity |
| 12:02 | Lesser Clarity Potion |
| 12:04 | Scroll of Regeneration |
| 12:13 | Lesser Clarity Potion |
| 12:56 | Archer |
| 12:56 | Archer |
| 12:57 | Archer |
| 12:57 | Archer |
| 13:42 | Hippogryph |
| 14:08 | Searing Arrows |
| 14:14 | Hippogryph |
| 14:18 | Marksmanship |
| 14:23 | Tree of Life |
| 15:03 | Well Spring |
| 15:21 | Hippogryph |
| 15:47 | Entangling Roots |
| 16:06 | Archer |
| 16:06 | Archer |
| 16:40 | Archer |
| 16:40 | Hippogryph |
| 17:20 | Scroll of Town Portal |
| 17:38 | Orb of Venom |
| 17:39 | Orb of Venom |
| 17:42 | Wisp |
| 18:18 | Scroll of Town Portal |
| 18:21 | Hippogryph |
| 18:46 | Hippogryph |
| 18:47 | Advanced Strength of the Moon |
| 19:52 | Tree of Life |
| 20:58 | Trueshot Aura |
| Right click | 1163 |
| Select | 424 |
| Select group | 363 |
| Build/train/purchase | 111 |
| Assign group | 66 |
| Use ability | 48 |
| Misc. action | 35 |
| Chat | 15 |
| Resource trade | 14 |
| Item give/drop | 5 |
| Minimap ping | 4 |
| Esc | 3 |



| Rod of Necromancy | 5 | 750 |
| Potion of Mana | 2 | 400 |
| Sacrificial Skull | 1 | 50 |
| Potion of Healing | 2 | 300 |
| Orb of Corruption | 1 | 375 |
| Scroll of Town Portal | 4 | 1400 |
| Scroll of Healing | 1 | 250 |
| total: | 16 | 3525g |
| Acolyte | 19 | 1425 | / | 0 |
| Ghoul | 2 | 240 | / | 0 |
| Crypt Fiend | 13 | 2795 | / | 520 |
| Obsidian Statue | 5 | 1000 | / | 175 |
| total: | 39 | 5460g | / | 695w |
| Nerubian Tower | 2 | 200 | / | 40 |
| Spirit Tower | 2 | 290 | / | 80 |
| Crypt | 1 | 200 | / | 50 |
| Graveyard | 1 | 215 | / | 0 |
| Altar of Darkness | 1 | 180 | / | 50 |
| Ziggurat | 6 | 900 | / | 300 |
| Tomb of Relics | 1 | 130 | / | 30 |
| Necropolis | 1 | 225 | / | 0 |
| Slaughterhouse | 1 | 140 | / | 135 |
| Halls of the Dead | 1 | 320 | / | 210 |
| Black Citadel | 1 | 325 | / | 230 |
| total: | 12 | 1990g | / | 565w |
| 0:03 | Acolyte |
| 0:03 | Acolyte |
| 0:06 | Crypt |
| 0:09 | Graveyard |
| 0:21 | Acolyte |
| 0:41 | Altar of Darkness |
| 0:57 | Ziggurat |
| 1:09 | Ghoul |
| 1:28 | Tomb of Relics |
| 1:48 | Crypt Fiend |
| 2:01 | Ziggurat |
| 2:27 | Nerubian Tower |
| 2:39 | Crypt Fiend |
| 2:46 | Death Coil |
| 2:54 | Rod of Necromancy |
| 3:24 | Crypt Fiend |
| 3:49 | Halls of the Dead |
| 4:03 | Crypt Fiend |
| 4:19 | Unholy Aura |
| 4:35 | Ziggurat |
| 4:36 | Crypt Fiend |
| 4:48 | Rod of Necromancy |
| 5:29 | Crypt Fiend |
| 5:30 | Ghoul |
| 5:52 | Crypt Fiend |
| 5:58 | Death Coil |
| 6:30 | Slaughterhouse |
| 7:10 | Black Citadel |
| 7:18 | Ziggurat |
| 7:25 | Frost Nova |
| 7:27 | Rod of Necromancy |
| 7:27 | Potion of Mana |
| 7:27 | Sacrificial Skull |
| 8:21 | Crypt Fiend |
| 8:22 | Obsidian Statue |
| 8:30 | Unholy Aura |
| 8:52 | Potion of Healing |
| 8:52 | Potion of Mana |
| 8:54 | Crypt Fiend |
| 9:53 | Web |
| 10:09 | Acolyte |
| 10:27 | Orb of Corruption |
| 10:36 | Rod of Necromancy |
| 10:37 | Scroll of Town Portal |
| 10:43 | Burrow |
| 11:36 | Frost Armor |
| 11:42 | Obsidian Statue |
| 11:47 | Impale |
| 11:51 | Acolyte |
| 11:51 | Acolyte |
| 11:51 | Acolyte |
| 12:07 | Scroll of Town Portal |
| 12:09 | Rod of Necromancy |
| 13:18 | Acolyte |
| 13:18 | Acolyte |
| 13:18 | Acolyte |
| 13:24 | Scroll of Town Portal |
| 13:33 | Potion of Healing |
| 13:54 | Obsidian Statue |
| 14:17 | Necropolis |
| 14:40 | Spirit Tower |
| 14:42 | Acolyte |
| 15:53 | Scroll of Healing |
| 15:58 | Spiked Carapace |
| 16:17 | Death Coil |
| 16:20 | Acolyte |
| 16:20 | Acolyte |
| 16:20 | Acolyte |
| 16:28 | Acolyte |
| 16:29 | Acolyte |
| 16:47 | Acolyte |
| 16:47 | Acolyte |
| 17:21 | Ziggurat |
| 17:22 | Ziggurat |
| 17:57 | Destroyer Form |
| 17:59 | Crypt Fiend |
| 18:16 | Nerubian Tower |
| 18:16 | Acolyte |
| 18:29 | Spirit Tower |
| 18:51 | Scroll of Town Portal |
| 20:01 | Crypt Fiend |
| 20:01 | Crypt Fiend |
| 20:02 | Crypt Fiend |
| 20:02 | Obsidian Statue |
| 20:02 | Obsidian Statue |
| 20:03 | Creature Attack |
| 20:03 | Creature Carapace |
| Right click | 1739 |
| Select | 667 |
| Select group | 374 |
| Chat | 367 |
| Build/train/purchase | 185 |
| Assign group | 166 |
| Use ability | 78 |
| Misc. action | 26 |
| Minimap ping | 26 |
| Item give/drop | 8 |
| Remove unit | 6 |

| Scroll of Regeneration | 2 | 200 |
| Lesser Clarity Potion | 2 | 140 |
| Scroll of Healing | 1 | 250 |
| Scroll of Town Portal | 4 | 1400 |
| Boots of Speed | 1 | 250 |
| Staff of Teleportation | 1 | 150 |
| Potion of Invisibility | 1 | 100 |
| total: | 12 | 2490g |
| Peasant | 14 | 1050 | / | 0 |
| Footman | 20 | 2700 | / | 0 |
| Goblin Zeppelin | 1 | 240 | / | 60 |
| Goblin Shredder | 1 | 375 | / | 100 |
| total: | 36 | 4365g | / | 160w |
| Scout Tower | 1 | 30 | / | 20 |
| Arcane Tower | 1 | 70 | / | 50 |
| Barracks | 4 | 640 | / | 240 |
| Altar of Kings | 1 | 180 | / | 50 |
| Farm | 11 | 880 | / | 220 |
| Arcane Vault | 1 | 130 | / | 30 |
| Town Hall | 2 | 770 | / | 410 |
| Blacksmith | 1 | 140 | / | 60 |
| Keep | 1 | 320 | / | 210 |
| Castle | 1 | 360 | / | 210 |
| total: | 21 | 2770g | / | 1030w |
| 0:03 | Peasant |
| 0:03 | Peasant |
| 0:12 | Barracks |
| 0:26 | Altar of Kings |
| 0:38 | Farm |
| 0:41 | Peasant |
| 0:53 | Peasant |
| 0:57 | Farm |
| 1:00 | Peasant |
| 1:14 | Peasant |
| 1:16 | Footman |
| 1:32 | Peasant |
| 1:43 | Farm |
| 1:51 | Peasant |
| 1:53 | Footman |
| 2:01 | Barracks |
| 2:10 | Peasant |
| 2:12 | Farm |
| 2:22 | Scout Tower |
| 2:23 | Footman |
| 2:30 | Peasant |
| 2:37 | Flame Strike |
| 2:52 | Footman |
| 2:54 | Arcane Tower |
| 3:08 | Footman |
| 3:36 | Footman |
| 3:38 | Farm |
| 3:50 | Arcane Vault |
| 4:03 | Defend |
| 4:15 | Footman |
| 4:21 | Siphon Mana |
| 4:27 | Peasant |
| 4:49 | Footman |
| 5:08 | Town Hall |
| 5:34 | Flame Strike |
| 6:15 | Footman |
| 6:42 | Footman |
| 6:44 | Barracks |
| 6:45 | Barracks |
| 6:47 | Farm |
| 6:47 | Farm |
| 6:48 | Peasant |
| 6:51 | Peasant |
| 7:43 | Footman |
| 8:20 | Footman |
| 8:34 | Footman |
| 8:42 | Footman |
| 8:43 | Farm |
| 8:44 | Farm |
| 9:01 | Footman |
| 9:41 | Footman |
| 9:51 | Keep |
| 9:52 | Blacksmith |
| 10:27 | Scroll of Healing |
| 10:29 | Scroll of Town Portal |
| 10:35 | Boots of Speed |
| 10:42 | Staff of Teleportation |
| 11:15 | Farm |
| 11:21 | Siphon Mana |
| 11:28 | Goblin Zeppelin |
| 11:29 | Goblin Shredder |
| 12:41 | Footman |
| 13:16 | Footman |
| 13:21 | Scroll of Regeneration |
| 13:22 | Lesser Clarity Potion |
| 13:25 | Scroll of Town Portal |
| 14:31 | Town Hall |
| 15:38 | Castle |
| 16:24 | Farm |
| 16:44 | Scroll of Regeneration |
| 16:44 | Scroll of Town Portal |
| 16:47 | Lesser Clarity Potion |
| 16:55 | Footman |
| 16:57 | Flame Strike |
| 17:47 | Footman |
| 18:23 | Peasant |
| 19:42 | Scroll of Town Portal |
| 19:43 | Potion of Invisibility |
| Right click | 1224 |
| Select group | 678 |
| Select | 334 |
| Chat | 283 |
| Assign group | 177 |
| Build/train/purchase | 83 |
| Misc. action | 36 |
| Use ability | 33 |
| Resource trade | 12 |
| Item give/drop | 6 |
| Minimap ping | 4 |
| Remove unit | 3 |
159 units @ 20.1k
/ 2.5k
77 buildings @ 12k
/ 5.2k


| Healing Salve | 1 | 100 |
| Lesser Clarity Potion | 1 | 70 |
| Potion of Mana | 1 | 200 |
| Scroll of Town Portal | 2 | 700 |
| total: | 5 | 1070g |
| Peon | 8 | 600 | / | 0 |
| Troll Headhunter | 12 | 1680 | / | 240 |
| Grunt | 1 | 200 | / | 0 |
| Troll Batrider | 21 | 3360 | / | 840 |
| total: | 42 | 5840g | / | 1080w |
| Orc Burrow | 4 | 640 | / | 160 |
| Altar of Storms | 2 | 360 | / | 100 |
| War Mill | 1 | 205 | / | 0 |
| Barracks | 1 | 180 | / | 50 |
| Voodoo Lounge | 1 | 130 | / | 30 |
| Beastiary | 2 | 290 | / | 280 |
| Stronghold | 1 | 315 | / | 190 |
| Fortress | 1 | 325 | / | 190 |
| total: | 11 | 1805g | / | 620w |
| 0:03 | Peon |
| 0:03 | Peon |
| 0:09 | Peon |
| 0:19 | Orc Burrow |
| 0:22 | Altar of Storms |
| 0:43 | Peon |
| 0:50 | War Mill |
| 0:54 | Peon |
| 1:12 | Barracks |
| 1:22 | Peon |
| 1:22 | Peon |
| 1:44 | Orc Burrow |
| 2:15 | Voodoo Lounge |
| 2:17 | Troll Headhunter |
| 2:18 | Grunt |
| 2:26 | Troll Headhunter |
| 2:29 | War Stomp |
| 2:51 | Troll Headhunter |
| 2:54 | Peon |
| 3:08 | Troll Headhunter |
| 3:23 | Healing Salve |
| 3:24 | Lesser Clarity Potion |
| 3:46 | Troll Headhunter |
| 4:04 | Endurance Aura |
| 4:13 | Stronghold |
| 4:18 | Orc Burrow |
| 5:12 | Troll Headhunter |
| 5:12 | Troll Headhunter |
| 5:33 | Orc Burrow |
| 5:34 | Steel Ranged Weapons |
| 6:00 | Troll Headhunter |
| 6:07 | War Stomp |
| 6:34 | Fortress |
| 6:50 | Troll Headhunter |
| 7:16 | Troll Regeneration |
| 8:36 | Hex |
| 8:52 | Troll Headhunter |
| 8:52 | Troll Headhunter |
| 8:53 | Troll Headhunter |
| 9:11 | Beastiary |
| 9:14 | Beastiary |
| 9:15 | Thorium Ranged Weapons |
| 9:18 | Berserker Upgrade |
| 10:18 | Liquid Fire |
| 10:19 | Troll Batrider |
| 10:19 | Troll Batrider |
| 10:19 | Troll Batrider |
| 10:32 | Troll Batrider |
| 11:12 | Troll Batrider |
| 11:49 | Troll Batrider |
| 11:50 | Troll Batrider |
| 12:06 | Troll Batrider |
| 12:25 | Potion of Mana |
| 13:04 | Endurance Aura |
| 13:21 | Arcanite Ranged Weapons |
| 13:47 | Troll Batrider |
| 13:47 | Troll Batrider |
| 14:06 | Troll Batrider |
| 15:25 | Troll Batrider |
| 15:48 | Altar of Storms |
| 16:09 | Troll Batrider |
| 16:10 | Troll Batrider |
| 16:32 | Troll Batrider |
| 17:14 | Troll Batrider |
| 17:42 | Troll Batrider |
| 18:04 | Troll Batrider |
| 18:47 | Scroll of Town Portal |
| 19:37 | Troll Batrider |
| 19:37 | Troll Batrider |
| 20:05 | Scroll of Town Portal |
| 21:12 | Troll Batrider |
| Right click | 1094 |
| Select | 357 |
| Select group | 104 |
| Build/train/purchase | 78 |
| Use ability | 32 |
| Misc. action | 22 |
| Assign group | 13 |
| Minimap ping | 10 |
| Resource trade | 6 |
| Remove unit | 2 |
| Item give/drop | 1 |

| Scroll of Regeneration | 4 | 400 |
| Lesser Clarity Potion | 3 | 210 |
| Scroll of Town Portal | 1 | 350 |
| total: | 8 | 960g |
| Peasant | 26 | 1950 | / | 0 |
| Footman | 10 | 1350 | / | 0 |
| Knight | 5 | 1225 | / | 300 |
| Priest | 4 | 540 | / | 40 |
| Goblin Shredder | 2 | 750 | / | 200 |
| total: | 47 | 5815g | / | 540w |
| Scout Tower | 3 | 90 | / | 60 |
| Arcane Tower | 3 | 210 | / | 150 |
| Altar of Kings | 1 | 180 | / | 50 |
| Farm | 11 | 880 | / | 220 |
| Barracks | 3 | 480 | / | 180 |
| Arcane Vault | 1 | 130 | / | 30 |
| Town Hall | 1 | 385 | / | 205 |
| Lumber Mill | 1 | 120 | / | 0 |
| Blacksmith | 1 | 140 | / | 60 |
| Arcane Sanctum | 1 | 150 | / | 140 |
| Keep | 1 | 320 | / | 210 |
| Castle | 1 | 360 | / | 210 |
| total: | 23 | 2555g | / | 945w |
| 0:08 | Peasant |
| 0:08 | Peasant |
| 0:08 | Peasant |
| 0:24 | Peasant |
| 0:37 | Altar of Kings |
| 0:40 | Farm |
| 0:44 | Peasant |
| 0:44 | Peasant |
| 1:13 | Peasant |
| 1:37 | Barracks |
| 2:00 | Peasant |
| 2:01 | Peasant |
| 2:08 | Scout Tower |
| 2:38 | Arcane Tower |
| 2:39 | Peasant |
| 2:42 | Farm |
| 2:46 | Farm |
| 2:53 | Farm |
| 2:53 | Farm |
| 2:54 | Farm |
| 3:01 | Arcane Vault |
| 3:08 | Footman |
| 3:08 | Footman |
| 3:12 | Holy Light |
| 3:34 | Footman |
| 3:34 | Footman |
| 3:35 | Peasant |
| 3:35 | Peasant |
| 3:53 | Footman |
| 4:11 | Keep |
| 5:02 | Footman |
| 5:02 | Footman |
| 5:03 | Devotion Aura |
| 5:16 | Town Hall |
| 5:34 | Footman |
| 5:42 | Scout Tower |
| 5:45 | Scroll of Regeneration |
| 5:45 | Scroll of Regeneration |
| 5:47 | Lesser Clarity Potion |
| 5:57 | Lesser Clarity Potion |
| 6:38 | Castle |
| 8:03 | Arcane Tower |
| 8:20 | Footman |
| 8:20 | Footman |
| 8:22 | Barracks |
| 8:24 | Barracks |
| 8:29 | Peasant |
| 8:29 | Peasant |
| 8:30 | Peasant |
| 8:30 | Peasant |
| 8:30 | Peasant |
| 8:47 | Holy Light |
| 9:57 | Goblin Shredder |
| 10:05 | Lumber Mill |
| 10:07 | Peasant |
| 10:07 | Peasant |
| 10:07 | Peasant |
| 10:07 | Peasant |
| 10:26 | Scout Tower |
| 10:39 | Devotion Aura |
| 10:58 | Scroll of Regeneration |
| 11:00 | Scroll of Regeneration |
| 11:08 | Arcane Tower |
| 11:35 | Arcane Sanctum |
| 11:50 | Blacksmith |
| 13:21 | Peasant |
| 13:21 | Peasant |
| 13:21 | Peasant |
| 13:57 | Goblin Shredder |
| 13:59 | Devotion Aura |
| 14:08 | Animal War Training |
| 14:09 | Knight |
| 14:19 | Knight |
| 14:20 | Sundering Blades |
| 14:20 | Knight |
| 14:21 | Iron Forged Swords |
| 14:22 | Iron Plating |
| 15:36 | Peasant |
| 15:37 | Peasant |
| 15:39 | Knight |
| 15:58 | Scroll of Town Portal |
| 15:58 | Lesser Clarity Potion |
| 16:31 | Steel Forged Swords |
| 16:31 | Steel Plating |
| 16:59 | Farm |
| 16:59 | Farm |
| 16:59 | Farm |
| 16:59 | Farm |
| 17:26 | Priest Adept Training |
| 17:26 | Priest |
| 17:26 | Priest |
| 17:59 | Resurrection |
| 18:29 | Knight |
| 18:34 | Farm |
| 18:51 | Holy Light |
| 19:54 | Mithril Forged Swords |
| 19:55 | Priest Master Training |
| 19:56 | Priest |
| 19:56 | Priest |
| 21:01 | Divine Shield |
| Right click | 526 |
| Select | 274 |
| Select group | 139 |
| Build/train/purchase | 95 |
| Assign group | 47 |
| Use ability | 30 |
| Misc. action | 20 |
| Esc | 6 |
| Resource trade | 5 |
| Minimap ping | 4 |
| Item give/drop | 1 |
| Remove unit | 1 |


| Healing Salve | 5 | 500 |
| Lesser Clarity Potion | 8 | 560 |
| Scroll of Speed | 3 | 150 |
| Potion of Mana | 2 | 400 |
| Potion of Healing | 1 | 150 |
| Scroll of Town Portal | 4 | 1400 |
| Scroll of Healing | 1 | 250 |
| Potion of Lesser Invulnerability | 1 | 150 |
| Scroll of Regeneration | 1 | 100 |
| total: | 26 | 3660g |
| Peon | 10 | 750 | / | 0 |
| Grunt | 4 | 800 | / | 0 |
| Raider | 3 | 540 | / | 120 |
| Troll Batrider | 5 | 800 | / | 200 |
| Troll Headhunter | 3 | 420 | / | 60 |
| total: | 25 | 3310g | / | 380w |
| Watch Tower | 5 | 550 | / | 400 |
| Altar of Storms | 1 | 180 | / | 50 |
| Orc Burrow | 5 | 800 | / | 200 |
| Barracks | 1 | 180 | / | 50 |
| Voodoo Lounge | 3 | 390 | / | 90 |
| War Mill | 2 | 410 | / | 0 |
| Beastiary | 3 | 435 | / | 420 |
| Spirit Lodge | 1 | 150 | / | 150 |
| Stronghold | 1 | 315 | / | 190 |
| Fortress | 1 | 325 | / | 190 |
| total: | 21 | 3095g | / | 1360w |
| 0:02 | Peon |
| 0:04 | Altar of Storms |
| 0:14 | Peon |
| 0:18 | Orc Burrow |
| 0:29 | Peon |
| 0:36 | Peon |
| 0:47 | Barracks |
| 0:54 | Peon |
| 1:09 | Peon |
| 1:26 | Orc Burrow |
| 1:48 | Grunt |
| 1:55 | Voodoo Lounge |
| 1:59 | Peon |
| 2:05 | Feral Spirit |
| 2:18 | Grunt |
| 2:50 | Stronghold |
| 3:36 | Grunt |
| 3:38 | Orc Burrow |
| 3:52 | War Mill |
| 4:06 | Grunt |
| 4:38 | Chain Lighting |
| 5:22 | Healing Salve |
| 5:22 | Lesser Clarity Potion |
| 5:23 | Scroll of Speed |
| 6:13 | Reinforced Defenses |
| 6:15 | Watch Tower |
| 6:16 | Beastiary |
| 6:36 | War Stomp |
| 6:40 | Beastiary |
| 7:52 | Orc Burrow |
| 8:21 | Potion of Mana |
| 8:21 | Healing Salve |
| 8:46 | Potion of Healing |
| 9:06 | Raider |
| 9:06 | Ensnare |
| 9:07 | Troll Batrider |
| 9:08 | Watch Tower |
| 9:10 | Watch Tower |
| 10:11 | Raider |
| 10:14 | Spirit Lodge |
| 10:16 | Fortress |
| 10:27 | Orc Burrow |
| 10:34 | Raider |
| 10:51 | Lesser Clarity Potion |
| 10:52 | Scroll of Town Portal |
| 10:54 | Feral Spirit |
| 10:56 | Healing Salve |
| 11:00 | Scroll of Speed |
| 11:50 | Lesser Clarity Potion |
| 11:58 | Lesser Clarity Potion |
| 12:29 | Beastiary |
| 13:11 | Watch Tower |
| 13:15 | Watch Tower |
| 13:53 | Peon |
| 13:53 | Peon |
| 13:54 | Peon |
| 13:56 | War Mill |
| 14:12 | Voodoo Lounge |
| 14:58 | Scroll of Town Portal |
| 15:00 | Potion of Lesser Invulnerability |
| 15:01 | Scroll of Healing |
| 15:37 | Endurance Aura |
| 15:51 | Endurance Aura |
| 16:22 | Troll Headhunter |
| 16:25 | Lesser Clarity Potion |
| 16:25 | Lesser Clarity Potion |
| 16:25 | Healing Salve |
| 16:25 | Healing Salve |
| 16:44 | Troll Batrider |
| 17:08 | Voodoo Lounge |
| 17:11 | Chain Lighting |
| 17:21 | Troll Headhunter |
| 17:21 | Troll Headhunter |
| 17:39 | Scroll of Town Portal |
| 17:41 | Scroll of Speed |
| 18:30 | Scroll of Town Portal |
| 18:31 | Lesser Clarity Potion |
| 18:34 | Berserker Upgrade |
| 19:02 | Troll Batrider |
| 19:24 | Troll Batrider |
| 19:37 | Troll Batrider |
| 20:55 | Lesser Clarity Potion |
| 20:58 | Potion of Mana |
| 21:08 | Scroll of Regeneration |
| Right click | 1818 |
| Select group | 1533 |
| Select | 542 |
| Build/train/purchase | 121 |
| Use ability | 86 |
| Assign group | 46 |
| Misc. action | 43 |
| Minimap ping | 34 |
| Esc | 4 |
| Resource trade | 4 |
| Chat | 4 |
| Remove unit | 2 |
| Item give/drop | 1 |


| Lesser Clarity Potion | 5 | 350 |
| Orb of Venom | 1 | 325 |
| Anti-magic Potion | 1 | 100 |
| Scroll of Town Portal | 5 | 1750 |
| Scroll of Healing | 1 | 250 |
| Boots of Speed | 1 | 250 |
| Scroll of Speed | 2 | 100 |
| total: | 16 | 3125g |
| Wisp | 24 | 1440 | / | 0 |
| Archer | 11 | 1430 | / | 110 |
| Hippogryph | 6 | 960 | / | 120 |
| Chimaera | 4 | 1320 | / | 280 |
| total: | 45 | 5150g | / | 510w |
| Altar of Elders | 1 | 180 | / | 50 |
| Moon Well | 8 | 1440 | / | 320 |
| Ancient of War | 1 | 150 | / | 60 |
| Ancient of Wonders | 1 | 90 | / | 30 |
| Tree of Life | 5 | 1700 | / | 925 |
| Hunter's Hall | 1 | 210 | / | 100 |
| Ancient of Wind | 3 | 450 | / | 420 |
| Chimaera Roost | 2 | 280 | / | 380 |
| Tree of Ages | 1 | 320 | / | 180 |
| Tree of Eternity | 1 | 330 | / | 200 |
| total: | 22 | 4500g | / | 2285w |
| 0:02 | Altar of Elders |
| 0:03 | Wisp |
| 0:04 | Wisp |
| 0:04 | Wisp |
| 0:18 | Moon Well |
| 0:32 | Ancient of War |
| 0:35 | Wisp |
| 0:40 | Wisp |
| 0:40 | Wisp |
| 0:54 | Wisp |
| 0:54 | Wisp |
| 1:28 | Moon Well |
| 1:33 | Archer |
| 1:37 | Wisp |
| 1:43 | Ancient of Wonders |
| 1:54 | Archer |
| 2:05 | Force of Nature |
| 2:10 | Archer |
| 2:20 | Wisp |
| 2:21 | Wisp |
| 2:40 | Wisp |
| 2:58 | Tree of Life |
| 3:03 | Wisp |
| 3:04 | Wisp |
| 3:06 | Entangling Roots |
| 3:32 | Wisp |
| 3:33 | Archer |
| 3:34 | Lesser Clarity Potion |
| 3:34 | Lesser Clarity Potion |
| 3:48 | Tree of Ages |
| 3:54 | Archer |
| 4:14 | Moon Well |
| 4:19 | Force of Nature |
| 5:11 | Wisp |
| 5:11 | Wisp |
| 5:11 | Wisp |
| 5:11 | Wisp |
| 5:11 | Wisp |
| 5:54 | Archer |
| 5:54 | Archer |
| 6:08 | Archer |
| 6:14 | Ancient of Wind |
| 6:14 | Ancient of Wind |
| 6:15 | Ancient of Wind |
| 6:17 | Improved Bows |
| 6:45 | Moon Well |
| 6:52 | Frost Arrows |
| 6:53 | Tree of Eternity |
| 7:27 | Hippogryph |
| 7:32 | Moon Well |
| 7:32 | Moon Well |
| 8:07 | Scroll of Speed |
| 8:07 | Lesser Clarity Potion |
| 8:30 | Hippogryph |
| 8:31 | Archer |
| 8:31 | Archer |
| 8:43 | Entangling Roots |
| 9:07 | Archer |
| 9:26 | Wisp |
| 9:26 | Wisp |
| 9:26 | Wisp |
| 9:27 | Chimaera Roost |
| 9:28 | Chimaera Roost |
| 9:58 | Lesser Clarity Potion |
| 9:59 | Lesser Clarity Potion |
| 9:59 | Scroll of Speed |
| 9:59 | Scroll of Town Portal |
| 10:06 | Hippogryph |
| 11:11 | Chimaera |
| 11:12 | Corrosive Breath |
| 11:34 | Moon Well |
| 11:34 | Moon Well |
| 12:02 | Hunter's Hall |
| 12:25 | Entangling Roots |
| 13:22 | Chimaera |
| 13:29 | Orb of Venom |
| 13:30 | Anti-magic Potion |
| 13:30 | Scroll of Town Portal |
| 13:41 | Strength of the Wild |
| 14:08 | Tree of Life |
| 14:43 | Improved Strength of the Wild |
| 14:52 | Scroll of Town Portal |
| 14:53 | Scroll of Healing |
| 14:59 | Reinforced Hides |
| 16:29 | Tree of Life |
| 16:47 | Tree of Life |
| 17:13 | Tranquility |
| 17:15 | Chimaera |
| 17:17 | Hippogryph |
| 17:21 | Scroll of Town Portal |
| 17:38 | Boots of Speed |
| 17:56 | Hippogryph |
| 18:27 | Hippogryph |
| 19:21 | Wisp |
| 19:50 | Tree of Life |
| 19:55 | Forked Lightning |
| 20:08 | Scroll of Town Portal |
| 20:58 | Chimaera |
| Right click | 1351 |
| Select group | 640 |
| Select | 306 |
| Build/train/purchase | 108 |
| Chat | 79 |
| Assign group | 55 |
| Use ability | 53 |
| Misc. action | 45 |
| Item give/drop | 10 |
| Minimap ping | 9 |
| Resource trade | 5 |
| Esc | 2 |
⇛